 Dungeon Crawl Stone Soup version 0.30-a0-715-gdb4ae3ece1 (webtiles) character file.

Game seed: 4538149413443472865

380936 ASSMAN the Intangible (level 22, -6/199 HPs)
             Began as a Merfolk Gladiator on Jan 25, 2023.
             Was the Champion of Jiyva.
             Succumbed to a vault warden's poison
             ... on level 4 of the Vaults.
             The game lasted 01:28:00 (42391 turns).

ASSMAN the Intangible (Merfolk Gladiator)          Turns: 42391, Time: 01:28:01

Health: -6/199     AC: 24    Str: 32    XL:     22   Next: 51%
Magic:  1/22       EV: 20    Int: 15    God:    Jiyva [******]
Gold:   2075       SH: 21    Dex: 14    Spells: 21/21 levels left

rFire   + + +      SeeInvis .    L - +3 demon trident (freeze)
rCold   + . .      Faith    .    P - +1 tower shield
rNeg    + + .      Spirit   +    Q - +3 chain mail {rC+}
rPois   +          Reflect  .    V - +2 hat "Taunepuy" {rF+ Str+3 Int+3}
rElec   .          Harm     .    j - +0 cloak
rCorr   +          Rampage  .    C - +1 pair of gloves of the Hunter {Contam rPois rF+ rN++}
Will    ++...                    E - +2 pair of boots {Fly} Stlth
                                 u - amulet "Muroecw" {Spirit rCorr Int+2 Slay+2}
HPRegen 2.93/turn                c - ring "Cunyorisk" {rPois rF++}
MPRegen 0.68/turn                t - ring of Yricoaxo {Will+ Str+3 Int-2}

@: lethally poisoned (-6 -> -44), flying, studying 2 skills
A: (nimble swimmer 2), mertail, antennae 1, iridescent scales 2, clever 1,
regeneration 1, robust 1, shaggy fur 1, strong 1, pseudopods 2, translucent skin
3, tendrils
}: 3/15 runes: barnacled, slimy, gossamer
a: Renounce Religion, Oozemancy, Slimify


You were on level 4 of the Vaults.
You worshipped Jiyva.
Jiyva was exalted by your worship.
You visited 8 branches of the dungeon, and saw 42 of its levels.
You visited 1 bazaar.
You also visited: Ossuary and Wizlab.

You collected 2989 gold pieces.
You spent 914 gold pieces at shops.

Inventory:

Hand Weapons
 d - a +0 demon trident
 z - a +1 demon trident of electrocution
 L - a +3 demon trident of freezing (weapon)
 M - a +2 demon trident of draining
Missiles
 X - 5 throwing nets
 Y - 15 silver javelins (quivered)
Armour
 j - a +0 cloak (worn)
 r - a +1 pair of boots of rampaging
 B - a +2 robe of cold resistance
 C - the +1 pair of gloves of the Hunter (worn) {Contam rPois rF+ rN++}
   (You found it on level 4 of the Spider Nest)

   rF:        It protects you from fire.
   rPois:     It protects you from poison.
   rN:        It greatly protects you from negative energy.
   Contam:    It causes magical contamination when unequipped.
 E - a +2 pair of boots of flying (worn)
 I - a +2 robe of willpower
 P - a +1 tower shield (worn)
 Q - a +3 chain mail of cold resistance (worn)
 U - a +2 pair of gloves of dexterity
 V - the +2 hat "Taunepuy" (worn) {rF+ Str+3 Int+3}
   (You found it on level 4 of the Spider Nest)

   Str:       It affects your strength (+3).
   Int:       It affects your intelligence (+3).
   rF:        It protects you from fire.
 W - the +1 ring mail of the Thunderstorm {Str+3 Stlth+}
   (You bought it in a shop on level 1 of the Shoals)

   Str:       It affects your strength (+3).
   Stlth:     It makes you more stealthy.
Jewellery
 c - the ring "Cunyorisk" (left hand) {rPois rF++}
   (You took it off a deep elf death mage on level 3 of the Elven Halls)

   [ring of poison resistance]

   rF:        It greatly protects you from fire.
   rPois:     It protects you from poison.
 e - the amulet "Cezid" {Faith rElec Str+2 Slay+3}
   (You took it off a deep elf master archer on level 3 of the Elven Halls)

   [amulet of faith]

   It allows you to gain divine favour quickly.
   Str:       It affects your strength (+2).
   Slay:      It affects your accuracy & damage with ranged weapons and melee
   (+3).
   rElec:     It insulates you from electricity.
 f - the ring of Ifosir Ymuy {*Slow rElec rF+ Dex+6}
   (You acquired it in a wizard's laboratory)

   [ring of protection from fire]

   Dex:       It affects your dexterity (+6).
   rF:        It protects you from fire.
   rElec:     It insulates you from electricity.
   *Slow:     It may slow you when you take damage.
 h - the ring "Taer" {Wiz Dex+5}
   (You found it on level 3 of the Elven Halls)

   [ring of wizardry]

   It improves your spell success rate.
   Dex:       It affects your dexterity (+5).
 p - a ring of willpower
 t - the ring of Yricoaxo (right hand) {Will+ Str+3 Int-2}
   (You took it off a deep elf high priest on level 3 of the Elven Halls)

   [ring of willpower]

   Str:       It affects your strength (+3).
   Int:       It affects your intelligence (-2).
   Will:      It increases your willpower.
 u - the amulet "Muroecw" (around neck) {Spirit rCorr Int+2 Slay+2}
   (You found it on level 3 of the Elven Halls)

   [amulet of guardian spirit]

   It causes incoming damage to be divided between your reserves of health and
   magic.
   Int:       It affects your intelligence (+2).
   Slay:      It affects your accuracy & damage with ranged weapons and melee
   (+2).
   rCorr:     It protects you from acid and corrosion.
 v - an amulet of reflection
 A - a ring of poison resistance
 H - a ring of positive energy
 O - a ring of see invisible
Wands
 a - a wand of flame (7)
 k - a wand of charming (20)
 q - a wand of polymorph (8)
 y - a wand of light (4)
 D - a wand of iceblast (3)
Scrolls
 b - a scroll of magic mapping
 l - 5 scrolls of identify
 m - 7 scrolls of amnesia
 x - 2 scrolls of teleportation
 J - 4 scrolls of fog
 T - 2 scrolls of poison
Potions
 g - 5 potions of flight
 i - a potion of heal wounds
 o - 7 potions of curing
 s - 2 potions of invisibility
 F - 5 potions of haste
 G - 12 potions of ambrosia
 K - 4 potions of resistance
 N - 2 potions of magic
 R - 2 potions of brilliance
Miscellaneous
 n - a phial of floods
 w - a box of beasts
 Z - a phantom mirror


   Skills:
 + Level 17.0 Fighting
 O Level 27 Polearms
 - Level 2.0 Throwing
 - Level 10.0 Armour
 O Level 27 Dodging
 + Level 18.1 Shields


You had 21 spell levels left.
You didn't know any spells.
Your spell library contained the following spells:

 Spells                   Type           Power      Damage    Failure   Level
 Necrotise                Necr           0%         1d4       95%         1
 Sting                    Tmut/Pois      0%         1d3       95%         1
 Cigotuvi's Dreadful Rot  Necr/Pois/Air  0%         N/A       98%         2
 Lesser Beckoning         Tloc           0%         N/A       98%         2
 Passwall                 Tmut/Erth      0%         N/A       98%         2
 Poisonous Vapours        Pois/Air       0%         N/A       98%         2
 Static Discharge         Conj/Air       0%         2-2/arc   98%         2
 Dazzling Flash           Conj/Hex       0%         N/A       100%        3
 Gell's Gravitas          Tloc           0%         N/A       100%        3
 Ignite Poison            Fire/Tmut/Pois 0%         N/A       100%        3
 Kindle Blastsparks       Fire/Tloc/Air  0%         2d10      100%        3
 Ozocubu's Armour         Ice            0%         N/A       100%        3
 Teleport Other           Tloc           0%         N/A       100%        3
 Tukima's Dance           Hex            0%         N/A       100%        3
 Vampiric Draining        Necr           0%         2d6       100%        3
 Vhi's Electric Charge    Tloc/Air       0%         N/A       100%        3
 Airstrike                Air            0%         2d(0-16)  100%        4
 Anguish                  Hex/Necr       0%         N/A       100%        4
 Fulminant Prism          Conj/Hex       0%         3d5       100%        4
 Ice Form                 Ice/Tmut       0%         N/A       100%        4
 Iskenderun's Mystic Bla  Conj/Tloc      0%         2d3       100%        4
 Leda's Liquefaction      Hex/Erth       0%         N/A       100%        4
 Olgreb's Toxic Radiance  Pois           0%         N/A       100%        4
 Passage of Golubria      Tloc           0%         N/A       100%        4
 Petrify                  Tmut/Erth      0%         N/A       100%        4
 Summon Lightning Spire   Summ/Air       0%         N/A       100%        4
 Agony                    Necr           0%         N/A       100%        5
 Alistair's Intoxication  Tmut/Pois      0%         N/A       100%        5
 Arcjolt                  Conj/Air       0%         1d10      100%        5
 Blade Hands              Tmut           0%         N/A       100%        5
 Borgnjor's Vile Clutch   Necr/Erth      0%         N/A       100%        5
 Irradiate                Conj/Tmut      0%         3d11      100%        5
 Lee's Rapid Deconstruct  Erth           0%         3d4*      100%        5
 Lightning Bolt           Conj/Air       0%         1d11      100%        5
 Silence                  Hex/Air        0%         N/A       100%        5
 Summon Forest            Summ/Tloc      0%         N/A       100%        5
 Summon Mana Viper        Hex/Summ       0%         N/A       100%        5
 Yara's Violent Unravell  Hex/Tmut       0%         3d3       100%        5
 Conjure Ball Lightning   Conj/Air       0%         3x3d6     100%        6
 Eringya's Noxious Bog    Tmut/Pois      0%         N/A       100%        6
 Iron Shot                Conj/Erth      0%         9d1       100%        6
 Statue Form              Tmut/Erth      0%         N/A       100%        6
 Summon Cactus Giant      Summ           0%         N/A       100%        6
 Enfeeble                 Hex            0%         N/A       100%        7
 Ozocubu's Refrigeration  Ice            0%         4d7       100%        7
 Summon Hydra             Summ           0%         N/A       100%        7
 Necromutation            Tmut/Necr      0%         N/A       100%        8
 Shatter                  Erth           0%         3d5*      100%        9


Dungeon Overview and Level Annotations

Branches:
Dungeon (15/15)            Temple (0/1) D:6            Lair (5/5) D:9
 Shoals (4/4) Lair:2       Spider (4/4) Lair:3        Slime (5/5) Lair:5
    Orc (2/2) D:11            Elf (3/3) Orc:2        Vaults (4/5) D:14
  Crypt (0/3) Vaults:3     Depths (0/4) D:15        Ossuary (visited)
 WizLab (visited)

Altars:
Cheibriados
Fedhas
Gozag
Hepliaklqana
Kikubaaqudgha
Makhleb
Okawaru
Qazlal
Ru
Uskayaw
Vehumet
Yredelemnul
Zin
Jiyva

Shops:
D:2 *   D:5 (   D:15 *   Orc:2 (=:[   Elf:3 (   Shoals:1 [   Shoals:2 [
Shoals:3 !   Shoals:4 [

Portals:
Hell: Lair:5

Annotations:
Lair:1 2 transporters
Slime:5 Royal Jelly


Innate Abilities, Weirdness & Mutations

((You are very nimble when in or above water. (Stealth+, EV+, Speed+++)))
Your lower body shifts to a powerful aquatic tail in water.
You have a pair of small antennae on your head.
You are mostly covered in iridescent scales. (AC +4)
Your mind is acute. (Int +4, Str/Dex -1)
Your natural rate of healing is unusually fast.
You are robust. (+10% HP)
You are covered in fur. (AC +1)
Your muscles are strong. (Str +4, Int/Dex -1)
Armour fits poorly on your large pseudopods.
Your transparent skin significantly reduces your foes' accuracy. (Stealth+)
You are covered in slimy tendrils that may disarm your opponents.


Message History

Press: ? - help, Dir - move target, f/p - vault warden
Aim: a vault warden, wielding a +1 halberd of venom and wearing a +0 chain mail (lightly wounded, strong, about 24% to evade your +3 demon trident of freezing)
You reach to attack!
You spit the vault warden like a pig!!! You freeze the vault warden!
The vault warden is severely wounded.
You feel sick.
The vault warden hits you from afar with a +1 halberd of venom!
You are more poisoned.
Reach: L) +3 demon trident (freeze)
Press: ? - help, Dir - move target, f/p - vault warden
Aim: a vault warden, wielding a +1 halberd of venom and wearing a +0 chain mail (severely wounded, strong, about 24% to evade your +3 demon trident of freezing)
Okay, then.
You feel extremely sick.
The vault warden hits you with a +1 halberd of venom!!!
* * * LOW HITPOINT WARNING * * *
Items here: )) [[[ †.
You puncture the vault warden! You freeze the vault warden.
You bludgeon the vault warden, but do no damage.
The vault warden is almost dead.
You feel very sick.
You hit the vault warden but do no damage.
Your bludgeon misses the vault warden.
The vault warden is almost dead.
You feel very sick.
The vault warden activates a sealing rune.
A door slams shut!
You barely miss the vault warden.
The vault warden is almost dead.
You feel very sick. You block the vault warden's attack.
You puncture the vault warden! You freeze the vault warden.
The vault warden is almost dead.
You feel very sick.
The vault warden hits you with a +1 halberd of venom!!!
* * * LOW HITPOINT WARNING * * *
You are lethally poisoned!
You barely miss the vault warden. You bludgeon the vault warden.
You kill the vault warden!
The runic seal fades away.
You die...

#.. #..# #..### ##
#..#.# ..# #
#..#.##.##.#
#..#.......#
#..#)......#
#..+@).....#
#..#)##.##.# #..#.#
#..###
#..##################
#....................
#....................
#####################


There were no monsters in sight!

Vanquished Creatures
  Frederick (Vaults:3)
  The ghost of Kokyareo the Impregnable, an adept MiBe of Trog (Vaults:2)
  Arachne (Spider:1)
  Rupert (D:15)
  3 deep elf blademasters
  Asterion (Vaults:3)
  A deep elf master archer (Elf:3)
  2 tentacled starspawn (WizLab)
  4 krakens (Shoals:2)
  3 sphinxes
  Polyphemus (Shoals:4)
  Kirke (D:15)
  Donald (Spider:3)
  A fire giant (Vaults:1)
  2 nagarajas (WizLab)
  8 emperor scorpions
  A frost giant (Shoals:1)
  Aizul (Vaults:1)
  10 vault wardens
  5 ghost moths
  9 deep elf sorcerers
  7 deep elf elementalists (Elf:3)
  4 demonspawn corrupters (WizLab)
  16 ironbound preservers
  An orc warlord (Vaults:3)
  2 war gargoyles
  8 ironbound thunderhulks
  3 stone giants
  4 broodmothers (Spider:4)
  6 deep elf demonologists
  12 dire elephants
  9 deep elf annihilators
  4 spark wasps
  5 deep elf death magi
  8 merfolk javelineers
  An ettin (D:14)
  Josephine (Orc:2)
  14 merfolk impalers
  4 entropy weavers
  6 yaktaur captains
  6 hydras
  5 deep elf high priests
  17 vault guards
  A peacekeeper (Vaults:4)
  3 catoblepae
  5 ogre magi
  An ice dragon (D:14)
  The ghost of pokeman the Eclecticist, a journeyman DEHW of Vehumet (D:11)
  A death knight (D:14)
  A jorogumo (Spider:1)
  2 alligator snapping turtles
  An anaconda (WizLab)
  8 merfolk aquamancers
  11 ironbound frosthearts
  8 centaur warriors
  4 merfolk avatars
  3 radroaches
  5 boulder beetles
  A death scarab (Spider:3)
  18 two-headed ogres
  32 dancing weapons
  A satyr (Shoals:4)
  15 death yaks
  Sonja (D:13)
  12 deep elf knights
  6 pharaoh ants
  A storm dragon skeleton (Vaults:2)
  26 deep trolls
  A sixfirhy (Lair:5)
  15 sea snakes
  5 sun moths
  2 spriggan druids (WizLab)
  6 orb spiders
  2 kraken simulacra
  An obsidian statue (D:13)
  10 lindwurms
  33 deep elf pyromancers
  14 ironbound convokers
  12 harpies
  2 phantasmal warriors
  27 deep elf zephyrmancers
  17 wizards
  18 wolf spiders
  10 steelbarb worms
  13 deep elf archers
  3 orc knights
  A necromancer (Vaults:2)
  5 orc sorcerers
  5 cyclopes
  An oklob plant (Lair:3)
  2 worldbinders (WizLab)
  21 ugly things
  11 fauns
  A frost giant zombie (Vaults:2)
  14 manticores
  19 merfolk sirens
  A moth of wrath (Spider:4)
  A spectral centaur (D:11)
  12 water nymphs
  3 elephants (Lair:5)
  5 black mambas
  6 demonic crawlers
  13 vault sentinels
  A smoke demon (Lair:5)
  4 torpor snails
  A human zombie (Vaults:2)
  2 orange demons (Lair:5)
  10 cane toads
  A kobold demonologist (D:13)
  2 unseen horrors (D:12)
  17 yaktaurs
  Psyche (D:8)
  2 komodo dragons (Lair:5)
  5 rime drakes (Lair:5)
  A freezing wraith (D:14)
  An ice devil (Lair:5)
  3 red devils (Lair:5)
  7 trolls
  51 merfolk
  A queen bee (Spider:1)
  4 meliai
  2 hornets (D:10)
  A polar bear (Lair:2)
  19 tarantellas
  7 wind drakes
  13 dream sheep
  9 snapping turtles
  21 blink frogs
  A dream sheep (shapeshifter) (Elf:2)
  An elf skeleton (Vaults:2)
  2 air elementals
  2 centaur simulacra (D:11)
  9 wraiths
  Sigmund (D:5)
  2 vampires
  8 culicivoras
  22 jumping spiders
  7 water elementals
  23 yaks
  4 wyverns
  5 fire elementals
  A human (shapeshifter) (D:14)
  A human (D:5)
  A shadow (D:13)
  5 basilisks
  2 hogs (D:15)
  34 redbacks
  2 steam dragons
  2 sea snake simulacra (Shoals:1)
  A death yak simulacrum (Shoals:1)
  2 vampire mosquitoes (D:12)
  3 harpy simulacra (Shoals:1)
  2 acid dragons
  13 water moccasins
  3 hell hounds (Lair:5)
  16 orc warriors
  2 ice beasts (D:7)
  2 satyr simulacra (Shoals:1)
  A sky beast (D:8)
  2 black bears
  24 ogres
  10 wolves
  A boggart (Vaults:1)
  7 centaurs
  A phantom (D:7)
  6 kobold brigands
  3 bullfrogs
  3 gnoll sergeants
  13 scorpions
  A faun simulacrum (Shoals:1)
  2 earth elementals
  A glowing shapeshifter simulacrum (Vaults:2)
  8 wights
  3 snapping turtle simulacra (Shoals:1)
  19 killer bees (Spider:1)
  A manticore simulacrum (Shoals:1)
  2 howler monkeys
  3 electric eels
  2 hounds
  13 orc priests
  2 gnoll boudas
  A hound (shapeshifter) (D:14)
  5 cyclops simulacra (Shoals:1)
  A spectral boggart (D:11)
  3 iguanas
  Natasha (D:4)
  12 orc wizards
  8 mummies (Ossuary)
  18 gnolls
  6 adders
  3 shadow imps (D:8)
  2 ufetubi
  5 worms
  A dart slug (D:1)
  53 orcs
  6 ball pythons
  3 endoplasms
  3 giant cockroaches
  7 goblins
  5 hobgoblins
  6 jackals
  3 quokkas
  8 bats
  3 frilled lizards
  A gnoll zombie (Ossuary)
  2 hobgoblin zombies (Ossuary)
  21 kobolds
  4 kobold zombies (Ossuary)
  An orc zombie (Ossuary)
  2 rats
  7 tentacles
1375 creatures vanquished.

Vanquished Creatures (collateral kills)
  Saint Roka (Orc:2)
  A frost giant (Shoals:1)
  A deep elf annihilator (Elf:3)
  3 boulder beetles
  Urug (D:10)
  2 orb spiders
  A cyclops (Shoals:2)
  Joseph (D:7)
  A komodo dragon (Lair:1)
  3 dream sheep
  A jumping spider (Spider:4)
  A culicivora (Spider:4)
  2 steam dragons (D:7)
  An alligator snapping turtle simulacrum (Shoals:1)
  A death yak simulacrum (Shoals:1)
  2 ogres
  A bullfrog (D:7)
  2 merfolk simulacra (Shoals:1)
  2 killer bees (D:7)
  An electric eel (D:7)
  A gnoll bouda (D:7)
  An orc wizard (D:7)
  An orc (Orc:2)
32 creatures vanquished.

Vanquished Creatures (others)
  2 nagarajas (WizLab)
  An ironbound thunderhulk (Vaults:1)
  2 yaktaur captains (Vaults:1)
  4 great orbs of eyes
  A vault guard (Vaults:2)
  A centaur warrior (Vaults:1)
  A two-headed ogre (D:13)
  A merfolk aquamancer (Shoals:1)
  A glowing orange brain (Vaults:2)
  4 deep elf knights
  A phantasmal warrior (Vaults:3)
  4 wizards
  2 ironbound convokers (Vaults:2)
  An obsidian statue (Vaults:1)
  A deep elf zephyrmancer (Elf:2)
  3 ugly things (Vaults:3)
  A worldbinder (WizLab)
  A manticore (Shoals:4)
  A merfolk siren (Shoals:2)
  2 vault sentinels
  A gargoyle (D:14)
  5 yaktaurs (Vaults:1)
  34 slime creatures
  2 meliai (D:13)
  A merfolk (Shoals:4)
  A blink frog (Lair:3)
  4 yaks (D:12)
  A water elemental (Shoals:4)
  A vampire mosquito (D:12)
  2 water moccasins
  An orc warrior (D:11)
  A sky beast (D:7)
  2 ogres (Orc:2)
  A centaur (D:7)
  4 boggarts (Vaults:1)
  3 bullfrogs
  A scorpion (Lair:3)
  A wight (D:9)
  3 killer bees
  An electric eel (D:7)
  182 jellies
  A hound (D:4)
  7 orc priests
  A gnoll bouda (D:7)
  5 orc wizards
  Natasha (D:4)
  2 gnolls
  2 adders (D:5)
  A shadow imp (D:8)
  A white imp (D:8)
  An ufetubus (D:5)
  A worm (D:4)
  19 orcs
  A goblin (D:4)
  A hobgoblin (D:4)
  A ball python (D:4)
  A jackal skeleton (D:5)
  2 kobolds (D:4)
  A kobold skeleton (D:5)
  5 demonic plants (D:8)
  52 fungi
  209 plants
  7 starspawn tentacles (WizLab)
  39 tentacles
648 creatures vanquished.

Grand Total: 2055 creatures vanquished

Notes
Turn   | Place    | Note
-------+----------+-------------------------------------------
     0 | D:1      | ASSMAN the Merfolk Gladiator began the quest for the Orb.
     0 | D:1      | Reached XP level 1. HP: 16/16 MP: 1/1
   346 | D:1      | Reached XP level 2. HP: 21/22 MP: 2/2
  1218 | D:2      | Reached XP level 3. HP: 27/27 MP: 3/3
  1573 | D:2      | Reached skill level 5 in Polearms
  1605 | D:2      | Found Fomia's General Store.
  1607 | D:2      | Reached skill level 5 in Dodging
  1747 | D:2      | Found a faded altar of an unknown god.
  1776 | D:2      | Prayed at the altar of an unknown god.
  1776 | D:2      | Became a worshipper of Jiyva Jucil the Shapeless
  1776 | D:2      | Reached * piety under Jiyva
  2158 | D:3      | Reached XP level 4. HP: 33/33 MP: 4/4
  2203 | D:3      | Found a glowing silver altar of Zin.
  2320 | D:3      | Reached ** piety under Jiyva
  2939 | D:4      | Found a faded altar of an unknown god.
  2939 | D:4      | Found the Hermit's Pendant {Faith Invo=14 Evo=0 MP+5}
  2953 | D:4      | Reached XP level 5. HP: 35/38 MP: 5/5
  2986 | D:4      | Found an opulent altar of Gozag.
  3075 | D:4      | Identified the +1 robe of Hedging {MP+9}
  3138 | D:4      | Found a hazy altar of Hepliaklqana.
  3252 | D:4      | Found a blossoming altar of Fedhas.
  3300 | D:4      | Reached *** piety under Jiyva
  3325 | D:4      | Gained mutation: Armour fits poorly on your pseudopods.
                  | [Jiyva's grace]
  3325 | D:4      | Gained mutation: Armour fits poorly on your large
                  | pseudopods. [Jiyva's grace]
  3325 | D:4      | Gained mutation: Armour fits poorly on your massive
                  | pseudopods. [Jiyva's grace]
  3325 | D:4      | Gained mutation: You are robust. (+10% HP) [Jiyva's grace]
  3391 | D:4      | Noticed Natasha
  3400 | D:4      | Killed Natasha
  3466 | D:4      | Killed Natasha
  3640 | D:5      | Entered Level 5 of the Dungeon
  3644 | D:5      | Noticed Sigmund
  3654 | D:5      | Killed Sigmund
  3655 | D:5      | Reached XP level 6. HP: 48/48 MP: 6/6
  3814 | D:5      | Reached XP level 7. HP: 44/55 MP: 7/7
  3846 | D:5      | Reached **** piety under Jiyva
  3906 | D:5      | Found Jyanwos's Antique Weapon Shoppe.
  3931 | D:5      | Found a sand-covered staircase.
  3990 | Ossuary  | Entered an ossuary
  4379 | D:5      | Found a runed translucent door.
  4379 | D:5      | Noticed a human
  4381 | D:5      | Found a basalt altar of Yredelemnul.
  4572 | D:6      | Found a staircase to the Ecumenical Temple.
  4801 | D:6      | Noticed a steam dragon
  4815 | D:6      | Killed a steam dragon
  4816 | D:6      | Reached XP level 8. HP: 16/61 MP: 8/8
  4982 | D:6      | Noticed a wyvern
  4996 | D:6      | Killed a wyvern
  5037 | D:6      | Reached skill level 10 in Polearms
  5037 | D:6      | Reached skill level 10 in Dodging
  5084 | D:6      | Found a stormy altar of Qazlal.
  5170 | D:6      | Reached ***** piety under Jiyva
  5366 | D:6      | Found a snail-covered altar of Cheibriados.
  5564 | D:7      | Found an ancient bone altar of Kikubaaqudgha.
  5636 | D:7      | Noticed a +0 spear
  5636 | D:7      | Noticed a +0 short sword
  5637 | D:7      | Noticed a +0 falchion
  5637 | D:7      | Noticed a +0 short sword
  5638 | D:7      | Noticed a +0 dagger
  5639 | D:7      | Noticed a +0 dagger
  5640 | D:7      | Noticed a +0 falchion
  5640 | D:7      | Noticed a +0 spear
  5645 | D:7      | Found a hide-covered altar of Uskayaw.
  5691 | D:7      | Lost mutation: Armour fits poorly on your massive
                  | pseudopods. [Jiyva's grace]
  5691 | D:7      | Lost mutation: Armour fits poorly on your large pseudopods.
                  | [Jiyva's grace]
  5691 | D:7      | Gained mutation: You have a small jelly attached to you
                  | that may absorb projectiles. [Jiyva's grace]
  5691 | D:7      | Gained mutation: You expend magic power (3 MP) to
                  | strengthen your wands. [Jiyva's grace]
  5691 | D:7      | Gained mutation: You have a pair of small antennae on your
                  | head. [Jiyva's grace]
  5691 | D:7      | Gained mutation: You have a pair of antennae on your head.
                  | [Jiyva's grace]
  5720 | D:7      | Reached XP level 9. HP: 47/67 MP: 9/9
  5755 | D:7      | Noticed Joseph
  5777 | D:7      | Killed Joseph
  7139 | D:8      | Found an iron altar of Okawaru.
  7155 | D:8      | Reached XP level 10. HP: 73/73 MP: 10/10
  7263 | D:8      | Noticed Psyche
  7288 | D:8      | Killed Psyche
  7387 | D:8      | Noticed a two-headed ogre
  7400 | D:8      | Killed a two-headed ogre
  7608 | D:8      | Lost mutation: Armour fits poorly on your pseudopods.
                  | [Jiyva's grace]
  7608 | D:8      | Lost mutation: You have a small jelly attached to you that
                  | may absorb projectiles. [Jiyva's grace]
  7608 | D:8      | Gained mutation: You are resistant to electric shocks.
                  | (rElec) [Jiyva's grace]
  7608 | D:8      | Gained mutation: Armour fits poorly on your pseudopods.
                  | [Jiyva's grace]
  7608 | D:8      | Gained mutation: Armour fits poorly on your large
                  | pseudopods. [Jiyva's grace]
  7608 | D:8      | Gained mutation: Armour fits poorly on your massive
                  | pseudopods. [Jiyva's grace]
  7972 | D:9      | Reached skill level 15 in Dodging
  7972 | D:9      | Found a staircase to the Lair.
  8021 | D:9      | Reached ****** piety under Jiyva
  8611 | D:10     | Entered Level 10 of the Dungeon
  8627 | D:10     | Noticed a two-headed ogre
  8636 | D:10     | Killed a two-headed ogre
  8637 | D:10     | Reached XP level 11. HP: 65/79 MP: 11/11
  8711 | D:10     | Noticed Urug
  8737 | D:10     | Killed Urug
  9156 | D:10     | Lost mutation: You are resistant to electric shocks.
                  | (rElec) [Jiyva's grace]
  9156 | D:10     | Gained mutation: Your flesh is heat resistant. (rF+)
                  | [Jiyva's grace]
  9156 | D:10     | Gained mutation: Your flesh is very heat resistant. (rF++)
                  | [Jiyva's grace]
  9156 | D:10     | Gained mutation: Your flesh is almost immune to the effects
                  | of heat. (rF+++) [Jiyva's grace]
  9156 | D:10     | Gained mutation: You have acidic saliva. [Jiyva's grace]
  9515 | D:11     | Found a runed translucent gate.
  9516 | D:11     | Found a runed translucent gate.
  9517 | D:11     | Found a runed translucent gate.
  9519 | D:11     | Noticed pokeman's ghost (journeyman DEHW)
  9693 | D:11     | Found a staircase to the Orcish Mines.
 10114 | D:12     | Noticed a deep elf pyromancer
 10165 | D:12     | Killed a deep elf pyromancer
 10188 | D:12     | Reached skill level 5 in Fighting
 10240 | D:12     | Found a sacrificial altar of Ru.
 10270 | D:12     | Noticed a deep elf pyromancer
 10279 | D:12     | Killed a deep elf pyromancer
 10535 | D:12     | Identified the +6 falchion of Resourcefulness {antimagic,
                  | Str+3 Stlth+}
 10699 | D:12     | Noticed a boulder beetle
 10741 | D:12     | Killed a boulder beetle
 10742 | D:12     | Reached XP level 12. HP: 21/97 MP: 12/12
 10812 | D:13     | Killed a two-headed ogre
 10831 | D:13     | Noticed a five-headed hydra
 11017 | Lair:1   | Entered Level 1 of the Lair of Beasts
 11197 | Lair:1   | Found a transporter.
 11198 | Lair:1   | Noticed a boulder beetle
 11199 | Lair:1   | Found a transporter.
 11210 | Lair:1   | Lost mutation: You have acidic saliva. [Jiyva's grace]
 11210 | Lair:1   | Lost mutation: Armour fits poorly on your massive
                  | pseudopods. [Jiyva's grace]
 11210 | Lair:1   | Gained mutation: Your body has grown eyes which may confuse
                  | attackers. (Acc +3) [Jiyva's grace]
 11210 | Lair:1   | Gained mutation: Your body has grown many eyes which may
                  | confuse attackers. (Acc +5) [Jiyva's grace]
 11210 | Lair:1   | Gained mutation: Your body is covered in eyes which may
                  | confuse attackers. (Acc +7, SInv) [Jiyva's grace]
 11210 | Lair:1   | Gained mutation: Your translucent skin slightly reduces
                  | your foes' accuracy. (Stealth+) [Jiyva's grace]
 12116 | Lair:2   | Found a staircase to the Shoals.
 12622 | Lair:3   | Lost mutation: You have a pair of antennae on your head.
                  | [Jiyva's grace]
 12622 | Lair:3   | Gained mutation: You are agile. (Dex +4, Str/Int -1)
                  | [Jiyva's grace]
 12622 | Lair:3   | Gained mutation: You are very agile. (Dex +8, Str/Int -2)
                  | [Jiyva's grace]
 12622 | Lair:3   | Gained mutation: Your melee attacks may engulf your foes in
                  | ooze. [Jiyva's grace]
 12622 | Lair:3   | Gained mutation: Your movements are slightly less
                  | encumbered by armour. (ER -2) [Jiyva's grace]
 12910 | Lair:3   | Reached skill level 10 in Fighting
 12997 | Lair:3   | Noticed a death yak
 12997 | Lair:3   | Noticed a death yak
 13001 | Lair:3   | Noticed a death yak
 13001 | Lair:3   | Noticed a death yak
 13003 | Lair:3   | Noticed a death yak
 13006 | Lair:3   | Noticed a death yak
 13027 | Lair:3   | Killed a death yak
 13040 | Lair:3   | Killed a death yak
 13041 | Lair:3   | Reached XP level 13. HP: 114/114 MP: 13/13
 13227 | Lair:3   | Found a hole to the Spider Nest.
 13794 | Lair:4   | Lost mutation: Armour fits poorly on your large pseudopods.
                  | [Jiyva's grace]
 13794 | Lair:4   | Lost mutation: Your translucent skin slightly reduces your
                  | foes' accuracy. (Stealth+) [Jiyva's grace]
 13794 | Lair:4   | Lost mutation: Your melee attacks may engulf your foes in
                  | ooze. [Jiyva's grace]
 13794 | Lair:4   | Gained mutation: Your spells are a little harder to cast,
                  | but a little more powerful. [Jiyva's grace]
 13794 | Lair:4   | Gained mutation: Your spells are harder to cast, but more
                  | powerful. [Jiyva's grace]
 13794 | Lair:4   | Gained mutation: Your spells are much harder to cast, but
                  | much more powerful. [Jiyva's grace]
 13794 | Lair:4   | Gained mutation: Your flesh is cold resistant. (rC+)
                  | [Jiyva's grace]
 14372 | Lair:5   | Entered Level 5 of the Lair of Beasts
 14669 | Lair:5   | Found a staircase to the Slime Pits.
 14669 | Lair:5   | Found a viscous altar of Jiyva.
 14709 | Lair:5   | Reached XP level 14. HP: 120/129 MP: 14/14
 15334 | Lair:5   | Found a burning altar of Makhleb.
 15340 | Lair:5   | Found a gateway to Hell.
 15807 | Orc:1    | Entered Level 1 of the Orcish Mines
 16292 | Orc:2    | Entered Level 2 of the Orcish Mines
 16313 | Orc:2    | Lost mutation: Your body is covered in eyes which may
                  | confuse attackers. (Acc +7, SInv) [Jiyva's grace]
 16313 | Orc:2    | Lost mutation: Armour fits poorly on your pseudopods.
                  | [Jiyva's grace]
 16313 | Orc:2    | Gained mutation: You possess an exceptional clarity of
                  | mind. [Jiyva's grace]
 16313 | Orc:2    | Gained mutation: You have hidden genetic potential.
                  | [Jiyva's grace]
 16313 | Orc:2    | Gained mutation: You have great hidden genetic potential.
                  | [Jiyva's grace]
 16313 | Orc:2    | Lost mutation: You have great hidden genetic potential.
                  | [Jiyva's grace]
 16313 | Orc:2    | Lost mutation: You have hidden genetic potential. [Jiyva's
                  | grace]
 16313 | Orc:2    | Gained mutation: You are somewhat resistant to further
                  | mutation. [Jiyva's grace]
 16453 | Orc:2    | Noticed Saint Roka
 16509 | Orc:2    | Killed Saint Roka
 16788 | Orc:2    | Reached XP level 15. HP: 65/138 MP: 15/15
 16876 | Orc:2    | Found Juepnos's Book Shoppe.
 16877 | Orc:2    | Found Jizo's Antique Armour Boutique.
 16877 | Orc:2    | Found Binnodel's Jewellery Shoppe.
 16877 | Orc:2    | Found Bityj's Weapon Shop.
 16888 | Orc:2    | Bought an embroidered robe for 70 gold pieces
 16888 | Orc:2    | Bought a pair of runed boots for 142 gold pieces
 16925 | Orc:2    | Noticed Josephine
 16945 | Orc:2    | Killed Josephine
 17224 | Orc:2    | Found a staircase to the Elven Halls.
 17414 | D:13     | Noticed Sonja
 17419 | D:13     | Killed Sonja
 17533 | D:13     | Found a hazy altar of Hepliaklqana.
 18140 | D:14     | Found a radiant altar of Vehumet.
 18249 | D:14     | Lost mutation: You are very agile. (Dex +8, Str/Int -2)
                  | [Jiyva's grace]
 18249 | D:14     | Lost mutation: You possess an exceptional clarity of mind.
                  | [Jiyva's grace]
 18249 | D:14     | Lost mutation: Your flesh is almost immune to the effects
                  | of heat. (rF+++) [Jiyva's grace]
 18249 | D:14     | Lost mutation: Your body has grown many eyes which may
                  | confuse attackers. (Acc +5) [Jiyva's grace]
 18249 | D:14     | Gained mutation: Your muscles are strong. (Str +4, Int/Dex
                  | -1) [Jiyva's grace]
 18249 | D:14     | Gained mutation: Your muscles are very strong. (Str +8,
                  | Int/Dex -2) [Jiyva's grace]
 18249 | D:14     | Gained mutation: You have a pair of antennae on your head.
                  | [Jiyva's grace]
 18249 | D:14     | Gained mutation: You have a pair of large antennae on your
                  | head. (SInv) [Jiyva's grace]
 18510 | D:14     | Found a gate to the Vaults.
 18764 | D:14     | Reached skill level 27 in Dodging
 19074 | D:15     | Entered Level 15 of the Dungeon
 19095 | D:15     | Found Quros's Demolitions Depot.
 19119 | D:15     | Noticed Rupert
 19127 | D:15     | Killed Rupert
 19196 | D:15     | Reached skill level 15 in Polearms
 19320 | D:15     | Found a staircase to the Depths.
 19580 | D:15     | Noticed Kirke
 19597 | D:15     | Killed Kirke
 19993 | Spider:1 | Entered Level 1 of the Spider Nest
 20251 | Spider:1 | Reached XP level 16. HP: 131/146 MP: 16/16
 20417 | Spider:1 | Lost mutation: Your flesh is very heat resistant. (rF++)
                  | [Jiyva's grace]
 20417 | Spider:1 | Lost mutation: You are somewhat resistant to further
                  | mutation. [Jiyva's grace]
 20417 | Spider:1 | Lost mutation: Your muscles are very strong. (Str +8,
                  | Int/Dex -2) [Jiyva's grace]
 20417 | Spider:1 | Gained mutation: You are covered in fur. (AC +1) [Jiyva's
                  | grace]
 20417 | Spider:1 | Gained mutation: You are covered in thick fur. (AC +2)
                  | [Jiyva's grace]
 20417 | Spider:1 | Gained mutation: Your thick and shaggy fur keeps you warm.
                  | (AC +3, rC+) [Jiyva's grace]
 20417 | Spider:1 | Gained mutation: You have acidic saliva. [Jiyva's grace]
 21099 | Spider:1 | Identified the +6 long sword "Mejuod" {flame, rC++ Int-5}
 21587 | Spider:2 | Noticed Arachne
 21737 | Spider:1 | Killed Arachne
 21923 | Spider:2 | You fall into a shaft and drop 1 floor!
 22632 | Spider:3 | Noticed Donald
 22656 | Spider:3 | Killed Donald
 23224 | Spider:2 | Lost mutation: You are agile. (Dex +4, Str/Int -1) [Jiyva's
                  | grace]
 23224 | Spider:2 | Lost mutation: Your thick and shaggy fur keeps you warm.
                  | (AC +3, rC+) [Jiyva's grace]
 23224 | Spider:2 | Lost mutation: Your spells are much harder to cast, but
                  | much more powerful. [Jiyva's grace]
 23224 | Spider:2 | Lost mutation: Your body has grown eyes which may confuse
                  | attackers. (Acc +3) [Jiyva's grace]
 23224 | Spider:2 | Lost mutation: Your movements are slightly less encumbered
                  | by armour. (ER -2) [Jiyva's grace]
 23224 | Spider:2 | Gained mutation: You have a somewhat thin skeletal
                  | structure. (Dex +2, Stealth+) [Jiyva's grace]
 23224 | Spider:2 | Gained mutation: You have a moderately thin skeletal
                  | structure. (Dex +4, Stealth++) [Jiyva's grace]
 23224 | Spider:2 | Gained mutation: You have an unnaturally thin skeletal
                  | structure. (Dex +6, Stealth+++) [Jiyva's grace]
 23224 | Spider:2 | Gained mutation: You passively map a small area around you.
                  | [Jiyva's grace]
 23889 | Slime:1  | Entered Level 1 of the Pits of Slime
 23901 | Slime:1  | Noticed an acid blob
 24091 | Slime:1  | Noticed an acid blob
 24179 | Slime:2  | Found a viscous altar of Jiyva.
 24181 | Slime:2  | Noticed an azure jelly
 24186 | Slime:2  | Noticed a rockslime
 24271 | Slime:3  | Noticed a rockslime
 24272 | Slime:3  | Noticed an acid blob
 24277 | Slime:3  | Noticed an azure jelly
 24286 | Slime:3  | Noticed an acid blob
 24307 | Slime:3  | Noticed an acid blob
 24396 | Slime:4  | Noticed an azure jelly
 24403 | Slime:4  | Noticed an acid blob
 24503 | Slime:4  | Noticed an acid blob
 24633 | Slime:5  | Entered Level 5 of the Pits of Slime
 24633 | Slime:5  | Noticed an acid blob
 24642 | Slime:5  | Noticed an acid blob
 24645 | Slime:5  | Found a viscous altar of Jiyva.
 24645 | Slime:5  | Noticed an acid blob
 24645 | Slime:5  | Noticed an acid blob
 24646 | Slime:5  | Noticed a rockslime
 24647 | Slime:5  | Noticed an acid blob
 24648 | Slime:5  | Noticed a rockslime
 24649 | Slime:5  | Noticed the Royal Jelly
 24655 | Slime:5  | Got a slimy rune of Zot
 24656 | Slime:5  | Noticed an azure jelly
 24656 | Slime:5  | Noticed an acid blob
 24665 | Slime:5  | Got the Vellum of Mastery
 24666 | Slime:5  | Identified the +0 leather armour of the Shore {Fly rC-
                  | Int+3 Dex+7}
 24670 | Slime:5  | Noticed an acid blob
 24697 | Slime:5  | Noticed an acid blob
 24712 | Slime:5  | Noticed an azure jelly
 24713 | Slime:5  | Noticed an acid blob
 24830 | Slime:5  | Noticed an azure jelly
 24878 | Slime:5  | Noticed an acid blob
 25079 | Shoals:1 | Entered Level 1 of the Shoals
 25203 | Shoals:1 | Reached XP level 17. HP: 122/152 MP: 17/17
 25297 | Shoals:1 | Found a runed translucent gate.
 25298 | Shoals:1 | Found a runed translucent gate.
 25299 | Shoals:1 | Found a runed translucent gate.
 25429 | Shoals:1 | Found Porotz's Antique Armour Emporium.
 25454 | Shoals:1 | Bought a pair of glowing gloves for 210 gold pieces
 25454 | Shoals:1 | Bought a turquoise-encrusted ring mail for 252 gold pieces
 25454 | Shoals:1 | Identified the +1 ring mail of the Thunderstorm {Str+3
                  | Stlth+} (You bought it in a shop on level 1 of the Shoals)
 25706 | Shoals:1 | Found a runed translucent door.
 26582 | Shoals:2 | Noticed a kraken
 26600 | Shoals:2 | Killed a kraken
 26612 | Shoals:2 | Noticed a kraken
 26635 | Shoals:3 | Found Xuefeffi's Distillery.
 26641 | Shoals:3 | Found a flickering gateway to a bazaar.
 26727 | Shoals:2 | Killed a kraken
 26746 | Shoals:2 | Noticed a kraken
 26758 | Shoals:2 | Identified the +1 scale mail of Kleptomania {Rampage rN+++
                  | Will- SInv}
 26761 | Shoals:2 | Killed a kraken
 26777 | Shoals:2 | Found a runed translucent door.
 26783 | Shoals:2 | Noticed a kraken
 26809 | Shoals:2 | Killed a kraken
 27167 | Shoals:2 | Found Elaucuim's Antique Armour Shoppe.
 27346 | Shoals:2 | Lost mutation: You have a pair of large antennae on your
                  | head. (SInv) [Jiyva's grace]
 27346 | Shoals:2 | Lost mutation: Your flesh is heat resistant. (rF+) [Jiyva's
                  | grace]
 27346 | Shoals:2 | Lost mutation: You passively map a small area around you.
                  | [Jiyva's grace]
 27346 | Shoals:2 | Lost mutation: Your spells are harder to cast, but more
                  | powerful. [Jiyva's grace]
 27346 | Shoals:2 | Gained mutation: You are resistant to electric shocks.
                  | (rElec) [Jiyva's grace]
 27346 | Shoals:2 | Gained mutation: You are covered in slimy tendrils that may
                  | disarm your opponents. [Jiyva's grace]
 27346 | Shoals:2 | Gained mutation: You passively dampen the noise of your
                  | surroundings. [Jiyva's grace]
 27346 | Shoals:2 | Gained mutation: Armour fits poorly on your pseudopods.
                  | [Jiyva's grace]
 27442 | Bazaar   | Entered a bazaar
 27444 | Bazaar   | Found Opout's Armour Emporium.
 27454 | Bazaar   | Found Xepp's Magic Scroll Emporium.
 27468 | Bazaar   | Found Raquxifu's Weapon Boutique.
 27499 | Bazaar   | Found Adymywn's Distillery.
 27507 | Bazaar   | Bought a potion of haste for 160 gold pieces
 27507 | Bazaar   | Bought a potion of heal wounds for 80 gold pieces
 27866 | Shoals:3 | Reached XP level 18. HP: 160/160 MP: 18/18
 28300 | Shoals:4 | Entered Level 4 of the Shoals
 28387 | Shoals:4 | Identified the +10 falchion of Duifudymn {vamp, rN+ Dex+3}
 28890 | Shoals:4 | Noticed Polyphemus
 28902 | Shoals:4 | Killed Polyphemus
 29066 | Shoals:4 | Found Digacuiv's Armour Boutique.
 29090 | Shoals:4 | Lost mutation: Your flesh is cold resistant. (rC+) [Jiyva's
                  | grace]
 29090 | Shoals:4 | Lost mutation: You expend magic power (3 MP) to strengthen
                  | your wands. [Jiyva's grace]
 29090 | Shoals:4 | Gained mutation: You are very robust. (+20% HP) [Jiyva's
                  | grace]
 29090 | Shoals:4 | Gained mutation: You are extremely robust. (+30% HP)
                  | [Jiyva's grace]
 29090 | Shoals:4 | Gained mutation: You have a small jelly attached to you
                  | that senses nearby items. [Jiyva's grace]
 29090 | Shoals:4 | Gained mutation: Your natural rate of healing is unusually
                  | fast. [Jiyva's grace]
 29380 | Shoals:4 | Got a barnacled rune of Zot
 29451 | Shoals:4 | Reached skill level 27 in Polearms
 29457 | Shoals:4 | Reached skill level 1 in Shields
 29902 | Spider:4 | Entered Level 4 of the Spider Nest
 30526 | Spider:4 | Reached skill level 5 in Shields
 30553 | Spider:4 | HP: 9/189 [disintegration (61)]
 30766 | Spider:4 | Got a gossamer rune of Zot
 30818 | Spider:4 | Identified the +2 hat "Taunepuy" {rF+ Str+3 Int+3}
 30887 | Spider:4 | Identified the +1 pair of gloves of the Hunter {Contam
                  | rPois rF+ rN++}
 30923 | Spider:4 | Reached XP level 19. HP: 197/197 MP: 19/19
 31600 | Elf:1    | Entered Level 1 of the Elven Halls
 31685 | Elf:1    | Reached skill level 1 in Armour
 32670 | D:11     | Killed pokeman's ghost
 32849 | Shoals:1 | Reached skill level 10 in Shields
 33159 | Shoals:1 | Identified the +4 hand axe of Demonkind {spect, rPois
                  | Str+5}
 33933 | Elf:2    | Lost mutation: You have an unnaturally thin skeletal
                  | structure. (Dex +6, Stealth+++) [Jiyva's grace]
 33933 | Elf:2    | Lost mutation: You are extremely robust. (+30% HP) [Jiyva's
                  | grace]
 33933 | Elf:2    | Lost mutation: You are very robust. (+20% HP) [Jiyva's
                  | grace]
 33933 | Elf:2    | Lost mutation: Your spells are a little harder to cast, but
                  | a little more powerful. [Jiyva's grace]
 33933 | Elf:2    | Lost mutation: You have a small jelly attached to you that
                  | senses nearby items. [Jiyva's grace]
 33933 | Elf:2    | Gained mutation: You have a small jelly attached to you
                  | that may absorb projectiles. [Jiyva's grace]
 33933 | Elf:2    | Gained mutation: You have very sharp teeth. [Jiyva's grace]
 33933 | Elf:2    | Gained mutation: You have extremely sharp teeth. [Jiyva's
                  | grace]
 33933 | Elf:2    | Gained mutation: You have razor-sharp teeth. [Jiyva's
                  | grace]
 33997 | Elf:2    | Found a radiant altar of Vehumet.
 34130 | Elf:2    | Found a magical portal.
 34136 | WizLab   | Entered Alistair's Party Mansion
 34206 | WizLab   | Reached skill level 5 in Armour
 34410 | WizLab   | Noticed a golden dragon
 34449 | WizLab   | Got Sif Muna's Precepts of Nausea and Flesh
 34458 | WizLab   | Acquired the ring of Ifosir Ymuy {*Slow rElec rF+ Dex+6}
 34505 | WizLab   | Got the Compilation of the Cure and Flesh
 34556 | WizLab   | Got Alistair's Omnibus of the Xenomorphic Adder
 34635 | WizLab   | Reached XP level 20. HP: 118/174 MP: 20/20
 34751 | WizLab   | Noticed a golden dragon
 35179 | Elf:2    | Found a runed translucent gate.
 35179 | Elf:2    | Found a runed translucent gate.
 35179 | Elf:2    | Found a runed translucent gate.
 35963 | Elf:3    | Entered Level 3 of the Elven Halls
 36161 | Elf:3    | Found Ygaul's Weapon Boutique.
 36304 | Elf:3    | Lost mutation: You have razor-sharp teeth. [Jiyva's grace]
 36304 | Elf:3    | Lost mutation: You have extremely sharp teeth. [Jiyva's
                  | grace]
 36304 | Elf:3    | Lost mutation: You have very sharp teeth. [Jiyva's grace]
 36304 | Elf:3    | Lost mutation: You have acidic saliva. [Jiyva's grace]
 36304 | Elf:3    | Lost mutation: You have a small jelly attached to you that
                  | may absorb projectiles. [Jiyva's grace]
 36304 | Elf:3    | Lost mutation: You passively dampen the noise of your
                  | surroundings. [Jiyva's grace]
 36304 | Elf:3    | Gained mutation: You are somewhat resistant to further
                  | mutation. [Jiyva's grace]
 36304 | Elf:3    | Gained mutation: You are somewhat resistant to both further
                  | mutation and mutation removal. [Jiyva's grace]
 36304 | Elf:3    | Gained mutation: You are almost entirely resistant to
                  | further mutation and mutation removal. [Jiyva's grace]
 36304 | Elf:3    | Gained mutation: Your mind is acute. (Int +4, Str/Dex -1)
                  | [Jiyva's grace]
 36726 | Elf:3    | Identified the ring of Yricoaxo {Will+ Str+3 Int-2}
 36755 | Elf:3    | Identified the amulet "Cezid" {Faith rElec Str+2 Slay+3}
 36764 | Elf:3    | Identified the ring "Cunyorisk" {rPois rF++}
 36775 | Elf:3    | Identified the +2 pair of gloves "Yptautt" {rC+ Will+}
 36784 | Elf:3    | Got the Quarto of Variable Hail
 36818 | Elf:3    | Identified the ring "Taer" {Wiz Dex+5}
 36931 | Elf:3    | Reached XP level 21. HP: 181/181 MP: 21/21
 37006 | Elf:3    | Identified the +2 whip of Ludel {drain, *Corrode rC+ Str+3
                  | Dex+6}
 37009 | Elf:3    | Identified the +5 ring mail of the Beginning {rCorr MP+9
                  | Dex-5 Stlth+}
 37013 | Elf:3    | Identified the amulet "Muroecw" {Spirit rCorr Int+2 Slay+2}
 37037 | Elf:3    | Identified the +12 short sword of Wisdom {heavy, Fragile
                  | rElec rPois Will+++}
 37734 | Vaults:1 | Entered Level 1 of the Vaults
 37873 | Vaults:1 | Noticed Aizul
 37892 | Vaults:1 | Reached skill level 15 in Shields
 37904 | Vaults:1 | Killed Aizul
 38307 | Vaults:1 | Reached skill level 10 in Armour
 38390 | Vaults:1 | Lost mutation: You have a moderately thin skeletal
                  | structure. (Dex +4, Stealth++) [Jiyva's grace]
 38390 | Vaults:1 | Lost mutation: You are covered in thick fur. (AC +2)
                  | [Jiyva's grace]
 38390 | Vaults:1 | Lost mutation: You are resistant to electric shocks.
                  | (rElec) [Jiyva's grace]
 38390 | Vaults:1 | Lost mutation: You are almost entirely resistant to further
                  | mutation and mutation removal. [Jiyva's grace]
 38390 | Vaults:1 | Lost mutation: You are somewhat resistant to both further
                  | mutation and mutation removal. [Jiyva's grace]
 38390 | Vaults:1 | Lost mutation: You are somewhat resistant to further
                  | mutation. [Jiyva's grace]
 38390 | Vaults:1 | Gained mutation: You have hidden genetic potential.
                  | [Jiyva's grace]
 38390 | Vaults:1 | Gained mutation: You have great hidden genetic potential.
                  | [Jiyva's grace]
 38390 | Vaults:1 | Gained mutation: You are partially covered in iridescent
                  | scales. (AC +2) [Jiyva's grace]
 38390 | Vaults:1 | Gained mutation: You are mostly covered in iridescent
                  | scales. (AC +4) [Jiyva's grace]
 39612 | Vaults:2 | Reached skill level 15 in Fighting
 39873 | Vaults:2 | Found a runed translucent door.
 39879 | Vaults:2 | Noticed Kokyareo's ghost (adept MiBe)
 40237 | Vaults:2 | Killed Kokyareo's ghost
 40247 | Vaults:2 | Got the Compendium of the Xenolith
 40622 | Vaults:3 | Reached XP level 22. HP: 194/194 MP: 22/22
 40626 | Vaults:3 | Noticed Asterion
 40641 | Vaults:3 | Killed Asterion
 40821 | Vaults:3 | Lost mutation: You have a pair of antennae on your head.
                  | [Jiyva's grace]
 40821 | Vaults:3 | Lost mutation: You have a somewhat thin skeletal structure.
                  | (Dex +2, Stealth+) [Jiyva's grace]
 40821 | Vaults:3 | Lost mutation: You have great hidden genetic potential.
                  | [Jiyva's grace]
 40821 | Vaults:3 | Lost mutation: You have hidden genetic potential. [Jiyva's
                  | grace]
 40821 | Vaults:3 | Gained mutation: Your translucent skin slightly reduces
                  | your foes' accuracy. (Stealth+) [Jiyva's grace]
 40821 | Vaults:3 | Gained mutation: Your translucent skin reduces your foes'
                  | accuracy. (Stealth+) [Jiyva's grace]
 40821 | Vaults:3 | Gained mutation: Your transparent skin significantly
                  | reduces your foes' accuracy. (Stealth+) [Jiyva's grace]
 40821 | Vaults:3 | Gained mutation: Armour fits poorly on your large
                  | pseudopods. [Jiyva's grace]
 40966 | Vaults:3 | Found a staircase to the Crypt.
 40966 | Vaults:3 | Found an ancient bone altar of Kikubaaqudgha.
 40967 | Vaults:3 | Found a basalt altar of Yredelemnul.
 41321 | Vaults:3 | Noticed Frederick
 41344 | Vaults:3 | Killed Frederick
 42390 | Vaults:4 | HP: 2/199 [vault warden/+1 halberd of venom (35)]
 42391 | Vaults:4 | Succumbed to a vault warden's poison

Illustrated notes

Levels and vault maps discovered:
D:1:      minmay_arrival_four_loops, layout_loops_ring, minivault_23
D:2:      layout_basic, serial_shops, nicolae_shop_stone,
          hellmonk_ecumenical_altar_heavens_door
D:3:      layout_loops_cross, overflow_temple_1_default
D:4:      layout_loops_ring, grunt_gozag_breadcrumbs, fedhas_altar_2,
          lemuel_tele_altar, hellmonk_guarded_unrand_hermit, uniq_natasha
D:5:      layout_loops_ring, dk_yredelemnul_ordeal,
          nicolae_ossuary_entry_false_entrances, serial_shops,
          nicolae_stop_n_shop_2, uniq_sigmund
D:6:      layout_basic, nicolae_qazlal_eye_of_the_storm,
          nicolae_overflow_hidden_temple, minmay_temple_entry_statues_fountains
D:7:      kennysheep_six_static_rooms, layout_layer_cave,
          nicolae_uskayaw_en_pointe, kiku_gazebo_pond_becter, serial_bayou,
          serial_bayou_ford_a, serial_bayou_pond_b, serial_bayou_pond_a,
          grunt_tough_drop, uniq_joseph
D:8:      layout_loops_corners, mainiacjoe_overflow_paths, serial_demonic,
          serial_demonic_a, serial_demonic_g, serial_demonic_f,
          serial_demonic_e, serial_demonic_f, uniq_psyche
D:9:      layout_long_grid, minmay_lair_entry_grove
D:10:     layout_loops_cross, uniq_urug
D:11:     layout_basic, orc_0_dummy, gammafunk_ghost_necromancy
D:12:     layout_loops_cross, nicolae_ru_great_annihilating_truth
D:13:     layout_roguey, nicolae_lava_and_water, minivault_16,
          nicolae_hepliaklqana_hippocampus, uniq_sonja
D:14:     minmay_wizard_corner, layout_irregular_city, david_vaults_4,
          fiery_altar_vehumet
D:15:     grunt_enter_depths_giant_problem, layout_basic,
          minmay_misc_feat_pillars, columned_hall_lemuel, minmay_fountain_box,
          nicolae_blasting_shop, uniq_rupert, uniq_kirke
Lair:1:   gammafunk_boulding_lane, layout_chaotic_city
Lair:2:   layout_regular_city, minmay_shoals_entry_beasts
Lair:3:   layout_chaotic_city, nicolae_spider_entry_non_spiders, minivault_27
Lair:4:   layout_long_grid, nicolae_quartered_pool_medium
Lair:5:   evil_forest, layout_layer_cave, slime_entry_1, minivault_23,
          serial_bayou_pond_a
Shoals:1: nicolae_shoals_offshore_bank_account, layout_shoals, serial_shops,
          shop, nicolae_shoals_beach_cooler
Shoals:2: nicolae_shoals_lighthouse, layout_shoals, nicolae_stop_n_shop_2,
          nicolae_shoals_isolated_beach
Shoals:3: layout_shoals, serial_shops, bzr_entry_dummy, nicolae_square_shop,
          nicolae_shoals_nautilus_by_nature, nicolae_shoals_so_close
Shoals:4: shoals_end_grunt_ice, layout_shoals, serial_shops,
          nicolae_shop_advertising_works [nicolae_subvault_shop_adworks],
          uniq_polyphemus
Spider:1: layout_chambers, special_room [special_room_bee],
          nicolae_spider_claw_tunnel, hangedman_spider_tarantella_strand
Spider:2: layout_cave_pods, uniq_arachne
Spider:3: layout_cave_pods, uniq_donald
Spider:4: guppyfry_spider_rune, spiders_nest_the_unseen
Slime:1:  layout_caves
Slime:2:  layout_caves, basic_altar
Slime:3:  layout_caves
Slime:4:  layout_caves
Slime:5
Orc:1:    layout_caves
Orc:2:    st_orc_ogre_mass, layout_caves, uniq_josephine, uniq_saint_roka
Elf:1:    elf_arrival_001, layout_loops_cross, serial_co_window_serial,
          co_window_of_opportunity_a, co_window_cross_1, co_window_paths_b,
          co_window_paths_b, co_window_corner_a, co_window_unsneaky_path_c,
          co_window_cross_2, co_window_2corner, glass_columns_c,
          glass_columns_c, glass_columns_b, glass_columns_c, glass_columns_a,
          kennysheep_underground_church
Elf:2:    nicolae_elf_blades_splatter_lattice [grunt_blade_entry_basic],
          layout_loops_cross, infiniplex_enter_wizlab_spiral, basic_altar,
          minivault_4
Elf:3:    minmay_elf_hall_four_x, layout_loops_cross, serial_shops, shop,
          serial_sigils, serial_sigils_hangedman_quiver,
          serial_sigils_hangedman_leer, serial_sigils_hangedman_snap,
          grunt_ministairs_11
Vaults:1: vaults_standard_mumra_enter_the_diamond, v_misc_16, v_rooms_3,
          nicolae_vaults_mini_display_case, v_misc_3, ontoclasm_vaults_chip,
          v_misc_32, nicolae_vaults_statue_guard, grunt_vaults_hallway_long,
          layout_vaults_omnicross, uniq_aizul
Vaults:2: hellmonk_ghost_big_iron, nicolae_vaults_twisting_passages,
          nicolae_vaults_network_quinsquares
          [nicolae_vaults_network_quincunx_subvault,
          nicolae_vaults_network_quincunx_subvault,
          nicolae_vaults_network_quincunx_subvault,
          nicolae_vaults_network_quincunx_subvault], vaults_room_door_ring,
          hangedman_vaults_impose, vaults_dpeg_hooks,
          nicolae_vaults_specimen_jars, v_misc_10, nicolae_vaults_network_s,
          v_alt_pattern_2, vaults_dpeg_encased_lava, hangedman_vaults_cutoff,
          nicolae_vaults_ring_of_whatevers, layout_vaults_ring
Vaults:3: hangedman_vaults_corner_blocks, v_misc_13, ontoclasm_vaults_shuriken,
          vaults_room_corners, ontoclasm_vaults_fault, v_misc_19, v_misc_1,
          minmay_crypt_entry_necro_gods, nicolae_vaults_little_squares_1,
          v_pattern_4, nicolae_vaults_network_square,
          nicolae_vaults_little_squares_5, hangedman_vaults_maws,
          vaults_dpeg_cross, nicolae_vaults_ring_of_whatevers,
          nicolae_vaults_windows_and_doors_thing, nicolae_vaults_holding_cells,
          nicolae_vaults_little_squares_5, layout_vaults_maze, uniq_asterion,
          uniq_frederick
Vaults:4: vaults_room_stairs_pillars, hangedman_vaults_impose,
          nicolae_vaults_stairing_the_circle, ontoclasm_vaults_ring_square,
          v_misc_24, vaults_room_hallway, ontoclasm_vaults_chip, v_misc_9,
          st_spiral_rooms, v_misc_23, vaults_mumra_lcd, layout_vaults_omnigrid

Skill      XL: |  1  2  3  4  5  6  7  8  9 10 11 12 13 14 15 16 17 18 19 20 21 22 |
---------------+-------------------------------------------------------------------+-----
Polearms       | 5 6 7 9 11 13 14 16 21 25 27 | 27.0
Dodging        | 5 6 7 9 11 13 16 19 20 22 25 27 | 27.0
Fighting       | 6 10 13 14 15 17 | 17.0
Shields        | 8 11 14 17 18 | 18.1
Armour         | 6 9 10 | 10.0
Throwing       | |  2.0

Action                     |  1- 3 |  4- 6 |  7- 9 | 10-12 | 13-15 | 16-18 | 19-21 | 22-24 || total
---------------------------+-------+-------+-------+-------+-------+-------+-------+-------++-------
  Melee: Trident           |   120 |   125 |   455 |   318 |       |       |       |       ||  1018
         Tailslap          |       |     1 |       |       |       |    70 |    10 |       ||    81
         Pseudopods        |       |     5 |    77 |   187 |   117 |   150 |   459 |   115 ||  1110
         Punch             |       |       |     5 |    10 |    18 |    22 |       |       ||    55
         Unarmed           |       |       |     5 |       |       |       |       |       ||     5
         Demon trident     |       |       |       |   544 |  1257 |  1983 |  1897 |   380 ||  6061
         Bite              |       |       |       |    27 |       |   244 |   101 |       ||   372
  Throw: Throwing net      |       |     1 |     2 |     1 |       |       |       |       ||     4
         Javelin           |       |       |       |       |       |       |     2 |       ||     2
  Evoke: Wand              |       |       |       |       |       |     3 |       |       ||     3
         Phantom mirror    |       |       |       |       |       |       |     1 |       ||     1
    Use: Potion            |       |       |       |     2 |       |     7 |     8 |       ||    17
         Scroll            |       |       |       |    17 |    10 |    14 |    10 |     1 ||    52
   Stab: Sleeping          |     8 |     2 |     2 |     5 |     9 |    32 |    28 |       ||    86
         Held in net/web   |       |       |     1 |     1 |       |       |       |       ||     2
         Paralysed         |       |       |       |     1 |       |       |       |       ||     1
         Confused          |       |       |       |    15 |    48 |    24 |     1 |       ||    88
         Distracted        |       |       |       |     1 |     5 |     9 |    10 |       ||    25
         Invisible         |       |       |       |       |       |    13 |     6 |       ||    19
         Petrified         |       |       |       |       |       |     2 |       |       ||     2
         Petrifying        |       |       |       |       |       |     1 |       |       ||     1
         Fleeing           |       |       |       |       |       |       |     1 |       ||     1
 Armour: Leather armour    |    25 |     9 |       |       |       |       |       |       ||    34
         Robe              |       |     3 |    54 |    51 |    39 |    49 |       |       ||   196
         Ring mail         |       |       |       |       |       |    84 |    80 |       ||   164
         Chain mail        |       |       |       |       |       |       |   161 |    60 ||   221
  Dodge: Dodged            |    57 |    60 |   227 |   412 |   809 |  1761 |   965 |   144 ||  4435
  Block: Other             |       |    16 |    60 |   100 |   160 |   235 |       |       ||   571
         Reflection        |       |       |     2 |     6 |     5 |    12 |    65 |       ||    90
         Kite shield       |       |       |       |       |       |   284 |   681 |       ||   965
         Tower shield      |       |       |       |       |       |       |   695 |   282 ||   977

Table legend: (Time is in decaauts)
 A = Elapsed time spent in this place.
 B = Non-inter-level travel time spent in this place.
 C = Inter-level travel time spent in this place.
 D = Time resting spent in this place.
 E = Time spent auto-exploring this place.
 F = Levels seen in this place.
 G = Mean time per level.
                   A        B        C        D        E       F      G
               +--------+--------+--------+--------+--------+-----+--------+
         Total |  39364 |  35643 |   3721 |   2181 |  24242 |  45 |  874.8 |
       Dungeon |  13753 |  12201 |   1552 |    609 |   9447 |  15 |  916.9 |
          Lair |   4961 |   4217 |    744 |    328 |   3083 |   5 |  992.2 |
        Shoals |   3712 |   3502 |    210 |    268 |   1846 |   4 |  928.0 |
   Spider Nest |   5034 |   4666 |    368 |    605 |   2839 |   4 | 1258.5 |
    Slime Pits |   1095 |    986 |    109 |      0 |    924 |   5 |  219.0 |
  Orcish Mines |   1765 |   1379 |    386 |     87 |    836 |   2 |  882.5 |
   Elven Halls |   3651 |   3384 |    267 |    140 |   2021 |   3 | 1217.0 |
        Vaults |   4403 |   4319 |     84 |      9 |   3051 |   4 | 1100.8 |
        Bazaar |     95 |     95 |      0 |      0 |     58 |   1 |   95.0 |
       Ossuary |    154 |    154 |      0 |      0 |     64 |   1 |  154.0 |
        Wizlab |    737 |    737 |      0 |    134 |     70 |   1 |  737.0 |
               +--------+--------+--------+--------+--------+-----+--------+

Top non-repeatable levels by time:
Spider:1: 1811 daAuts
     D:7: 1442 daAuts
   Elf:3: 1422 daAuts
Vaults:2: 1389 daAuts
Spider:4: 1292 daAuts
   Orc:2: 1288 daAuts
   Elf:2: 1267 daAuts
  Lair:5: 1250 daAuts
Vaults:3: 1230 daAuts
     D:1: 1164 daAuts
Shoals:1: 1090 daAuts
Spider:3: 1080 daAuts
     D:6: 1073 daAuts
    D:14: 1055 daAuts
Vaults:1: 1049 daAuts
